[ PARTIDA AOE2 · #464658191 ]
UnrankedEslavos vs Persians
Equipo del jugador · VICT
Equipo rival · DERR
[ ANÁLISIS DE REPETICIÓN · EXTRAÍDO DE LA PARTIDA GRABADA ]
Feudal
11:43
Castillos
20:18
Imperial
36:57
| APM promedio | 13.0 |
| APM pico | 58 |
| eAPM promedio | 7.5 |
| Aldeanos / militares | 57 / 197 |
Foco
⚔️ 37.9% · 🌾 62.1%
Boyar ×104 · Spearman ×84 · Trebuchet (Packed) ×7 · Monk ×2
Feudal
13:47
Castillos
20:24
Imperial
36:14
| APM promedio | 16.3 |
| APM pico | 60 |
| eAPM promedio | 12.9 |
| Aldeanos / militares | 135 / 376 |
Foco
⚔️ 52.9% · 🌾 47.1%
Knight ×135 · Scout Cavalry ×79 · Skirmisher ×77 · Scorpion ×30 · Trebuchet (Packed) ×30 · Spearman ×9
Mapa de la partida
Recursos iniciales + cada clic de construcción. Líneas = muros · curvas = relieve. ◆ oro · ⬟ piedra · ● bayas · ✦ reliquia · ◌ hueco del cierre
Tu base· ✓ Cerrada en 20:18 · 0t muro · 2 puerta(s)
Base de caganeymen007· ✓ Cerrada en 20:24 · 0t muro · 2 puerta(s)
Terreno inicial suavizado · ◌ = hueco del cierre detectado · pasá el cursor para detalles
Inputs por minuto
— Jhavi - - caganeymen007
Build order — Jhavi
Primeras 150 de 239 acciones detectadas
| 0:13 | Construir | House |
| 0:15 | Construir | House |
| 0:37 | Crear | Villager (Male) |
| 0:37 | Crear | Villager (Male) |
| 0:37 | Crear | Villager (Male) |
| 0:39 | Crear | Villager (Male) |
| 2:19 | Crear | Villager (Male) |
| 2:26 | Investigar | Loom |
| 3:03 | Construir | Mill |
| 3:14 | Crear | Villager (Male) |
| 3:15 | Crear | Villager (Male) |
| 3:15 | Crear | Villager (Male) |
| 4:08 | Crear | Villager (Male) |
| 4:09 | Crear | Villager (Male) |
| 4:09 | Crear | Villager (Male) |
| 4:09 | Crear | Villager (Male) |
| 5:33 | Construir | House |
| 5:34 | Construir | House |
| 5:54 | Crear | Villager (Male) |
| 6:22 | Crear | Villager (Male) |
| 7:01 | Crear | Villager (Male) |
| 7:02 | Crear | Villager (Male) |
| 7:31 | Construir | Lumber Camp |
| 7:45 | Crear | Villager (Male) |
| 8:18 | Crear | Villager (Male) |
| 8:46 | Crear | Villager (Male) |
| 8:57 | Construir | Mining Camp |
| 9:25 | Construir | Barracks |
| 9:33 | Investigar | Feudal Age |
| 10:04 | Construir | House |
| 10:06 | Construir | House |
| 10:35 | Construir | Farm |
| 10:36 | Construir | Farm |
| 11:10 | Crear | Villager (Male) |
| 11:17 | Construir | House |
| 11:43 | Edad | Edad Feudal |
| 12:09 | Construir | Farm |
| 12:10 | Construir | Farm |
| 12:11 | Construir | Farm |
| 12:12 | Construir | Farm |
| 12:13 | Construir | Farm |
| 12:15 | Construir | Farm |
| 12:21 | Crear | Villager (Male) |
| 12:21 | Crear | Villager (Male) |
| 12:32 | Investigar | Double-Bit Axe |
| 12:49 | Investigar | Wheelbarrow |
| 12:59 | Construir | Farm |
| 13:30 | Crear | Villager (Male) |
| 13:31 | Crear | Villager (Male) |
| 13:40 | Investigar | Horse Collar |
| 14:36 | Investigar | Gold Mining |
| 15:12 | Construir | Blacksmith |
| 15:30 | Construir | Market |
| 15:48 | Crear | Villager (Male) |
| 15:48 | Crear | Villager (Male) |
| 16:35 | Construir | Mining Camp |
| 16:46 | Construir | Farm |
| 16:48 | Crear | Villager (Male) |
| 16:48 | Crear | Villager (Male) |
| 17:16 | Construir | Farm |
| 17:33 | Investigar | Castle Age |
| 17:44 | Construir | Farm |
| 18:06 | Construir | Stable |
| 18:12 | Construir | Stable |
| 19:02 | Investigar | Scale Mail Armor |
| 19:03 | Investigar | Forging |
| 19:17 | Crear | Villager (Male) |
| 19:17 | Crear | Villager (Male) |
| 19:26 | Construir | Lumber Camp |
| 20:04 | Crear | Spearman |
| 20:04 | Crear | Spearman |
| 20:04 | Crear | Spearman |
| 20:07 | Crear | Spearman |
| 20:07 | Crear | Spearman |
| 20:18 | Edad | Edad de los Castillos |
| 20:23 | Construir | Barracks |
| 21:13 | Construir | Monastery |
| 22:01 | Construir | Farm |
| 22:08 | Crear | Villager (Male) |
| 22:10 | Crear | Villager (Male) |
| 22:11 | Crear | Villager (Male) |
| 22:15 | Investigar | Squires |
| 22:16 | Investigar | Pikeman (upgrade) |
| 22:54 | Investigar | Bow Saw |
| 22:57 | Crear | Villager (Male) |
| 22:58 | Crear | Villager (Male) |
| 22:58 | Crear | Villager (Male) |
| 23:16 | Construir | House |
| 23:17 | Construir | House |
| 23:52 | Construir | Monastery |
| 24:06 | Construir | Farm |
| 24:26 | Construir | Lumber Camp |
| 24:35 | Crear | Spearman |
| 24:35 | Crear | Spearman |
| 24:36 | Crear | Spearman |
| 25:02 | Construir | Castle |
| 25:40 | Investigar | Chain Mail Armor |
| 25:41 | Investigar | Iron Casting |
| 26:05 | Crear | Monk |
| 26:05 | Crear | Monk |
| 27:02 | Construir | Siege Workshop |
| 27:11 | Investigar | Fletching |
| 27:12 | Investigar | Padded Archer Armor |
| 27:16 | Crear | Villager (Male) |
| 27:16 | Crear | Villager (Male) |
| 27:17 | Crear | Villager (Male) |
| 28:08 | Crear | Villager (Male) |
| 28:08 | Crear | Villager (Male) |
| 28:22 | Crear | Spearman |
| 28:22 | Crear | Spearman |
| 28:23 | Crear | Spearman |
| 28:23 | Crear | Spearman |
| 28:23 | Crear | Spearman |
| 28:23 | Crear | Spearman |
| 29:00 | Investigar | Tech 455 |
| 29:27 | Crear | Villager (Male) |
| 29:27 | Crear | Villager (Male) |
| 29:27 | Crear | Villager (Male) |
| 29:28 | Crear | Villager (Male) |
| 29:28 | Crear | Villager (Male) |
| 29:28 | Crear | Villager (Male) |
| 29:28 | Crear | Villager (Male) |
| 30:03 | Construir | Castle |
| 30:50 | Investigar | Leather Archer Armor |
| 30:51 | Investigar | Bodkin Arrow |
| 32:33 | Crear | Spearman |
| 32:34 | Crear | Spearman |
| 33:11 | Construir | Lumber Camp |
| 33:47 | Investigar | Imperial Age |
| 35:23 | Crear | Spearman |
| 35:24 | Crear | Spearman |
| 35:24 | Crear | Spearman |
| 35:24 | Crear | Spearman |
| 35:33 | Investigar | Gold Shaft Mining |
| 36:03 | Construir | Barracks |
| 36:05 | Construir | Barracks |
| 36:37 | Construir | University |
| 36:57 | Edad | Edad Imperial |
| 37:01 | Crear | Trebuchet (Packed) |
| 37:01 | Crear | Trebuchet (Packed) |
| 37:15 | Investigar | Druzhina |
| 38:19 | Crear | Trebuchet (Packed) |
| 39:56 | Crear | Trebuchet (Packed) |
| 39:56 | Crear | Trebuchet (Packed) |
| 40:58 | Construir | Castle |
| 42:53 | Crear | Trebuchet (Packed) |
| 42:53 | Crear | Trebuchet (Packed) |
| 45:27 | Construir | Stone Wall |
| 46:43 | Investigar | Plate Mail Armor |
| 50:41 | Investigar | Elite Boyar (upgrade) |
Build order — caganeymen007
Primeras 150 de 657 acciones detectadas
| 0:10 | Crear | Villager (Male) |
| 0:10 | Crear | Villager (Male) |
| 0:10 | Crear | Villager (Male) |
| 0:10 | Crear | Villager (Male) |
| 0:11 | Crear | Villager (Male) |
| 0:11 | Crear | Villager (Male) |
| 0:14 | Construir | House |
| 2:02 | Construir | House |
| 2:30 | Crear | Villager (Male) |
| 2:31 | Crear | Villager (Male) |
| 2:31 | Crear | Villager (Male) |
| 2:31 | Crear | Villager (Male) |
| 2:31 | Crear | Villager (Male) |
| 3:34 | Crear | Villager (Male) |
| 3:35 | Crear | Villager (Male) |
| 3:35 | Crear | Villager (Male) |
| 3:35 | Crear | Villager (Male) |
| 4:05 | Construir | Mill |
| 4:59 | Crear | Villager (Male) |
| 4:59 | Crear | Villager (Male) |
| 5:00 | Crear | Villager (Male) |
| 5:00 | Crear | Villager (Male) |
| 5:00 | Crear | Villager (Male) |
| 5:00 | Crear | Villager (Male) |
| 5:09 | Construir | House |
| 5:11 | Construir | House |
| 5:13 | Construir | House |
| 5:14 | Construir | House |
| 5:15 | Construir | House |
| 5:16 | Construir | House |
| 5:26 | Investigar | Loom |
| 5:33 | Crear | Villager (Male) |
| 5:33 | Crear | Villager (Male) |
| 5:34 | Crear | Villager (Male) |
| 5:34 | Crear | Villager (Male) |
| 5:34 | Crear | Villager (Male) |
| 7:21 | Construir | Mill |
| 7:44 | Construir | Lumber Camp |
| 8:09 | Crear | Villager (Male) |
| 8:09 | Crear | Villager (Male) |
| 8:09 | Crear | Villager (Male) |
| 8:10 | Crear | Villager (Male) |
| 8:10 | Crear | Villager (Male) |
| 8:10 | Crear | Villager (Male) |
| 8:10 | Crear | Villager (Male) |
| 8:11 | Crear | Villager (Male) |
| 8:11 | Crear | Villager (Male) |
| 10:51 | Construir | Mining Camp |
| 11:08 | Investigar | Feudal Age |
| 11:23 | Construir | Farm |
| 11:27 | Construir | Farm |
| 11:30 | Construir | Farm |
| 11:34 | Construir | Farm |
| 11:37 | Construir | Farm |
| 11:59 | Construir | Farm |
| 12:02 | Construir | Farm |
| 12:22 | Construir | Farm |
| 13:45 | Construir | Barracks |
| 13:47 | Edad | Edad Feudal |
| 13:53 | Crear | Villager (Male) |
| 13:53 | Crear | Villager (Male) |
| 13:53 | Crear | Villager (Male) |
| 13:55 | Crear | Villager (Male) |
| 13:55 | Crear | Villager (Male) |
| 13:56 | Crear | Villager (Male) |
| 13:56 | Crear | Villager (Male) |
| 13:56 | Crear | Villager (Male) |
| 13:57 | Crear | Villager (Male) |
| 14:10 | Construir | Farm |
| 14:42 | Construir | Mining Camp |
| 16:16 | Construir | Blacksmith |
| 17:14 | Construir | Stable |
| 17:59 | Investigar | Castle Age |
| 18:13 | Construir | Farm |
| 18:16 | Construir | Farm |
| 18:19 | Crear | Scout Cavalry |
| 18:19 | Crear | Scout Cavalry |
| 18:19 | Crear | Scout Cavalry |
| 18:20 | Crear | Scout Cavalry |
| 18:20 | Crear | Scout Cavalry |
| 18:20 | Crear | Scout Cavalry |
| 18:21 | Crear | Scout Cavalry |
| 18:21 | Crear | Scout Cavalry |
| 18:21 | Crear | Scout Cavalry |
| 19:14 | Crear | Spearman |
| 19:14 | Crear | Spearman |
| 19:14 | Crear | Spearman |
| 19:15 | Crear | Spearman |
| 19:15 | Crear | Spearman |
| 19:15 | Crear | Spearman |
| 20:22 | Construir | House |
| 20:23 | Construir | House |
| 20:24 | Edad | Edad de los Castillos |
| 20:24 | Construir | House |
| 20:25 | Construir | House |
| 20:26 | Construir | House |
| 20:28 | Construir | House |
| 20:29 | Construir | House |
| 20:30 | Construir | House |
| 20:32 | Construir | House |
| 20:33 | Construir | House |
| 20:34 | Construir | House |
| 20:36 | Construir | House |
| 20:38 | Construir | House |
| 21:04 | Construir | Castle |
| 21:19 | Crear | Scout Cavalry |
| 21:19 | Crear | Scout Cavalry |
| 21:19 | Crear | Scout Cavalry |
| 21:20 | Crear | Scout Cavalry |
| 21:20 | Crear | Scout Cavalry |
| 21:20 | Crear | Scout Cavalry |
| 21:37 | Crear | Villager (Male) |
| 21:37 | Crear | Villager (Male) |
| 21:37 | Crear | Villager (Male) |
| 21:52 | Construir | Monastery |
| 22:11 | Construir | Town Center |
| 22:35 | Crear | Villager (Male) |
| 22:36 | Crear | Villager (Male) |
| 22:36 | Crear | Villager (Male) |
| 22:37 | Crear | Villager (Male) |
| 22:37 | Crear | Villager (Male) |
| 22:37 | Crear | Villager (Male) |
| 23:42 | Crear | Spearman |
| 23:42 | Crear | Spearman |
| 23:42 | Crear | Spearman |
| 23:45 | Investigar | Man-at-Arms (upgrade) |
| 23:46 | Investigar | Gambesons |
| 24:18 | Construir | Mining Camp |
| 24:40 | Crear | War Elephant |
| 24:40 | Crear | War Elephant |
| 24:40 | Crear | War Elephant |
| 24:59 | Construir | Castle |
| 25:36 | Crear | Villager (Male) |
| 25:36 | Crear | Villager (Male) |
| 25:36 | Crear | Villager (Male) |
| 25:36 | Crear | Villager (Male) |
| 25:37 | Crear | Villager (Male) |
| 25:45 | Crear | Villager (Male) |
| 25:45 | Crear | Villager (Male) |
| 27:03 | Construir | Farm |
| 27:06 | Construir | Farm |
| 27:09 | Construir | Farm |
| 27:15 | Construir | Farm |
| 27:20 | Construir | Farm |
| 27:24 | Investigar | Horse Collar |
| 27:28 | Investigar | Double-Bit Axe |
| 28:07 | Construir | Siege Workshop |
| 28:08 | Construir | Siege Workshop |
| 28:10 | Construir | Siege Workshop |
| 28:24 | Construir | Mining Camp |
Cronología de la partida
| 9:25 | Jhavi · first_building Barracks |
| 11:43 | Jhavi · age_up feudal |
| 13:45 | caganeymen007 · first_building Barracks |
| 13:47 | caganeymen007 · age_up feudal |
| 17:14 | caganeymen007 · first_building Stable |
| 18:06 | Jhavi · first_building Stable |
| 20:18 | Jhavi · age_up castle |
| 20:24 | caganeymen007 · age_up castle |
| 21:04 | caganeymen007 · first_building Castle |
| 21:13 | Jhavi · first_building Monastery |
| 21:52 | caganeymen007 · first_building Monastery |
| 24:53 | Jhavi · first_market_buy 100 stone |
| 25:02 | Jhavi · first_building Castle |
| 27:02 | Jhavi · first_building Siege Workshop |
| 28:07 | caganeymen007 · first_building Siege Workshop |
| 28:56 | Jhavi · first_market_sell 100 food |
| 34:21 | caganeymen007 · first_building Archery Range |
| 36:14 | caganeymen007 · age_up imperial |
| 36:57 | Jhavi · age_up imperial |
| 45:27 | Jhavi · wall_segment Stone Wall x9 |
| 51:05 | Jhavi · wall_segment Stone Wall x3 |
| 70:39 | caganeymen007 · first_market_sell 100 wood |
| 70:48 | caganeymen007 · first_market_buy 100 food |
| 73:54 | caganeymen007 · resign |
[ ANÁLISIS IA · 1 CRÉDITO ]
¿Qué pasó realmente en esta partida?
Wolo.gg analiza cada decisión: build order, eco, micro, errores típicos por bracket. Análisis personalizado por WhatsApp o Discord en 30 segundos.
Guía civ
Eslavos
Perfil
Jugador #3102543